 Dungeon Crawl Stone Soup version 0.30-a0-52-g86a8295270 (webtiles) character file.

Game seed: 1781506235796930219

23667 jlumianski the Cleaver (level 12, -14/94 HPs)
             Began as a Demonspawn Gladiator on Sept 6, 2022.
             Was the Champion of Okawaru.
             Demolished by a catoblepas (18 damage)
             ... on level 14 of the Dungeon.
             The game lasted 00:57:31 (13914 turns).

jlumianski the Cleaver (Demonspawn Gladiator)      Turns: 13914, Time: 00:57:31

Health: -14/94     AC: 15    Str: 19    XL:     12   Next: 73%
Magic:  0/15       EV: 17    Int: 11    God:    Okawaru [******]
Gold:   93         SH:  0    Dex: 14    Spells: 11/11 levels left

rFire   + + .      SeeInvis .    a - +2 war axe (vamp)
rCold   + + .      Faith    .    (no shield)
rNeg    . . .      Spirit   +    y - +2 scale mail {rC+}
rPois   +          Reflect  .    c - +0 helmet
rElec   .          Harm     .    e - scarf {rC+ rF+}
rCorr   .          Rampage  .    (gloves unavailable)
Will    +....                    n - +2 pair of boots
Stlth   +.........               p - amulet of guardian spirit
HPRegen 0.25/turn                O - ring of flight
MPRegen 0.14/turn                h - ring "Inyeneh" {rPois rF+ Will+}

@: flying, studying Dodging
A: repulsion field 2, ignite blood 2, powered by death 1, demonic touch 3
a: Renounce Religion, Heroism, Finesse, Duel


You were on level 14 of the Dungeon.
You worshipped Okawaru.
Okawaru was exalted by your worship.
You visited 2 branches of the dungeon, and saw 15 of its levels.

You collected 742 gold pieces.
You spent 649 gold pieces at shops.

Inventory:

Hand Weapons
 a - a +2 vampiric war axe (weapon)
 w - a +5 glaive
 F - the +6 dagger "Duybb" {vorpal, Drain Int+7 Dex+9}
   (You found it on level 7 of the Dungeon)

   It inflicts extra damage upon your enemies.
   Int:       It affects your intelligence (+7).
   Dex:       It affects your dexterity (+9).
   Drain:     It drains your maximum health when unequipped.
 J - a +4 trident of venom
 T - a +0 scimitar of flaming
Missiles
 d - 3 throwing nets
 g - 2 boomerangs
 m - 8 javelins (quivered)
 B - 27 poisoned darts
 S - 2 silver javelins
 V - 3 silver boomerangs
Armour
 c - a +0 helmet (worn)
 e - a scarf of resistance (worn)
 n - a +2 pair of boots (worn)
 s - a +0 chain mail
 y - a +2 scale mail of cold resistance (worn)
 z - a +0 pair of boots of flying
Jewellery
 b - a ring of willpower
 h - the ring "Inyeneh" (right hand) {rPois rF+ Will+}
   (You bought it in a shop on level 11 of the Dungeon)

   [ring of poison resistance]

   rF:        It protects you from fire.
   rPois:     It protects you from poison.
   Will:      It increases your willpower.
 l - a ring of poison resistance
 p - an amulet of guardian spirit (around neck)
 C - a ring of magical power
 D - a ring of resist corrosion
 K - a ring of magical power
 L - a ring of wizardry
 M - a ring of positive energy
 O - a ring of flight (left hand)
Wands
 q - a wand of flame (18)
 u - a wand of iceblast (16)
Scrolls
 f - 2 scrolls of poison
 i - 2 scrolls of blinking
 j - 6 scrolls of teleportation
 k - 2 scrolls of enchant weapon
 A - 2 scrolls of amnesia
 G - 5 scrolls of fear
 Y - 5 scrolls of identify
Potions
 o - a potion of berserk rage
 r - a potion of magic
 t - 6 potions of curing
 v - a potion of lignification
 x - 2 potions of ambrosia
 E - 4 potions of attraction
 H - a potion of haste
 I - 7 potions of flight
 N - 2 potions of might


   Skills:
 + Level 8.5 Fighting
 + Level 0.9 Long Blades
 + Level 12.9 Axes
 + Level 3.8 Throwing
 + Level 8.5 Armour
 * Level 10.9 Dodging
 + Level 2.5 Stealth
 * Level 4.3 Invocations
 * Level 4.5 Evocations


You had 11 spell levels left.
You didn't know any spells.
Your spell library contained the following spells:

 Spells                   Type           Power      Damage    Failure   Level
 Beastly Appendage        Tmut           0%         N/A       65%         1
 Freeze                   Ice            0%         1d3       65%         1
 Wereblood                Tmut           0%         N/A       80%         2
 Frozen Ramparts          Ice            0%         1d1       95%         3
 Gell's Gravitas          Tloc           0%         N/A       95%         3
 Lesser Beckoning         Tloc           0%         N/A       95%         3
 Spider Form              Tmut/Pois      0%         N/A       95%         3
 Teleport Other           Tloc           0%         N/A       95%         3
 Corpse Rot               Necr/Pois/Air  0%         N/A       100%        4
 Dispel Undead            Necr           0%         3d6       100%        4
 Hailstorm                Conj/Ice       0%         3d3       100%        4
 Passage of Golubria      Tloc           0%         N/A       100%        4
 Fireball                 Conj/Fire      0%         3d3       100%        5
 Iskenderun's Battlesphe  Conj           0%         2d6       100%        5
 Silence                  Hex/Air        0%         N/A       100%        5
 Conjure Ball Lightning   Conj/Air       0%         3x3d6     100%        6
 Orb of Destruction       Conj           0%         9d5       100%        7
 Lehudib's Crystal Spear  Conj/Erth      0%         10d2      100%        8
 Death Channel            Necr           Unusable   N/A       N/A         6

Dungeon Overview and Level Annotations

Branches:
Dungeon (14/15)            Temple (1/1) D:7            Lair (0/5) D:11
    Orc (0/2) D:12
 Vaults: D:13-14

Altars:
Ashenzari
Cheibriados
Dithmenos
Fedhas
Gozag
Hepliaklqana
Kikubaaqudgha
Makhleb
Nemelex Xobeh
Okawaru
Ru
Sif Muna
Trog
Uskayaw
Vehumet
Wu Jian
Xom
Yredelemnul

Shops:
D:1 :   D:11 =   D:13 (*

Annotations:
D:5 2 transporters, timneilson's ghost, amateur GrFi
D:13 Nessos


Innate Abilities, Weirdness & Mutations

You are surrounded by a moderate repulsion field. (EV +3)
Your demonic aura often causes spilled blood to erupt in flames.
You regenerate a little health from kills.
Your touch may irresistibly damage your foes and sap their willpower.


Message History

The arrow burns you.
* * * LOW HITPOINT WARNING * * *
You slash Nessos!
You feel better.
Nessos is severely wounded.
Nessos is engulfed in blazing flames.
Nessos unwields a +1 longbow of flaming.
It stops flaming.
Nessos hits you. Nessos kicks you but does no damage.
Nessos is engulfed in blazing flames.
Nessos hits you but does no damage. Nessos kicks you but does no damage.
You hit Nessos but do no damage.
Nessos is almost dead.
You hit the catoblepas.
You feel better.
Nessos is engulfed in blazing flames.
Nessos mumbles some strange words.
Nessos blinks!
The catoblepas is engulfed in blazing flames.
The catoblepas closely misses you.
Nessos wields a +1 longbow of flaming.
It bursts into flame!
Nessos shoots an arrow.
The arrow hits you but does no damage. Nessos says, "Study your classics!"
Nessos shoots an arrow.
The arrow completely misses you.
The catoblepas is engulfed in blazing flames.
Nessos shoots an arrow.
The arrow hits you.
Nessos shoots an arrow.
The arrow hits you!
* * * LOW HITPOINT WARNING * * *
Nessos mumbles some strange words.
Nessos blinks!
There is a stone staircase leading down, spattered with blood here.
Nessos shoots an arrow.
The arrow hits you!
* * * LOW HITPOINT WARNING * * *
Nessos shoots an arrow.
The arrow barely misses you. The catoblepas misses you.
You fly downwards.
There is a stone staircase leading up here.
You hit the catoblepas but do no damage.
You touch the catoblepas!
You sap its willpower!
The catoblepas is heavily wounded.
The catoblepas misses you.
You slash the catoblepas!
You touch the catoblepas!
You sap its willpower!
The catoblepas is almost dead.
The catoblepas gores you!!
You die...

...............
.......<...#
...............
...............
...#+#########+
.. #......# .
#......#
#......#
#..Y@..#
########


You could see a catoblepas (weak-willed).

Vanquished Creatures
  2 hydras
  Erica (D:9)
  3 two-headed ogres
  A centaur warrior (D:10)
  Urug (D:12)
  Pikel (D:9)
  2 manticores
  An ugly thing (D:13)
  A cyclops (D:9)
  2 gargoyles
  3 trolls
  Grinder (D:5)
  A tarantella (shapeshifter) (D:12)
  16 slime creatures
  Sigmund (D:4)
  A shadow (D:9)
  A wyvern (D:9)
  7 wraiths
  A water elemental (D:13)
  29 yaks
  Grum (D:8)
  7 vampire mosquitoes
  A steam dragon (D:7)
  Menkaure (D:7)
  2 acid dragons
  4 water moccasins (D:11)
  7 orc warriors
  An ice beast (D:7)
  A sky beast (D:6)
  4 black bears (D:11)
  4 centaurs
  3 ogres
  2 wolves (D:8)
  2 phantoms (D:4)
  A lemure (D:9)
  4 kobold brigands
  8 bullfrogs
  Blork the orc (D:5)
  2 gnoll sergeants
  4 necrophages
  3 killer bees (D:7)
  7 electric eels
  4 howler monkeys
  A crimson imp (D:7)
  3 orc priests
  3 hounds
  A jelly (D:6)
  Crazy Yiuf (D:4)
  A gnoll bouda (D:7)
  3 iguanas
  Terence (D:3)
  11 orc wizards
  10 gnolls
  7 adders
  A shadow imp (D:6)
  A white imp (D:6)
  An ufetubus (D:5)
  4 worms
  The ghost of flotson the Sneak, a weakling DsDe (D:3)
  34 orcs
  3 ball pythons
  5 endoplasms
  2 giant cockroaches
  8 hobgoblins
  8 jackals
  2 quokkas (D:1)
  7 bats
  3 frilled lizards
  2 goblins
  17 kobolds
  8 rats
299 creatures vanquished.

Vanquished Creatures (others)
  3 bushes (D:14)
  42 fungi
  53 plants
98 creatures vanquished.

Grand Total: 397 creatures vanquished

Notes
Turn   | Place    | Note
-------+----------+-------------------------------------------
     0 | D:1      | jlumianski the Demonspawn Gladiator began the quest for the
                  | Orb.
     0 | D:1      | Reached XP level 1. HP: 16/16 MP: 1/1
     1 | D:1      | Found Zemeicwu's Book Boutique.
    92 | D:1      | Upgraded the game from 0.30-a0-51-g784eafce7f to
                  | 0.30-a0-52-g86a8295270
   271 | D:1      | Gained mutation: Your touch may inflict minor irresistible
                  | damage on your foes. [demonic ancestry]
   271 | D:1      | Reached XP level 2. HP: 19/22 MP: 2/2
   420 | D:1      | Reached skill level 3 in Axes
   506 | D:1      | Gained mutation: Your touch may inflict irresistible damage
                  | on your foes. [demonic ancestry]
   506 | D:1      | Reached XP level 3. HP: 16/28 MP: 3/3
  1374 | D:3      | Found an ancient bone altar of Kikubaaqudgha.
  1405 | D:4      | Noticed flotson's ghost (weakling DsDe)
  1405 | D:4      | Noticed a kobold brigand
  1405 | D:4      | Found a runed translucent gate.
  1405 | D:4      | Found a runed translucent gate.
  1405 | D:4      | Found a runed translucent gate.
  1451 | D:4      | Noticed a necrophage
  1464 | D:3      | Killed a necrophage
  1465 | D:3      | Reached skill level 1 in Armour
  1465 | D:3      | Reached XP level 4. HP: 27/34 MP: 2/4
  1654 | D:3      | Noticed Terence
  1663 | D:3      | Killed Terence
  1945 | D:2      | Gained mutation: Your demonic aura sometimes causes spilled
                  | blood to erupt in flames. [demonic ancestry]
  1945 | D:2      | Reached XP level 5. HP: 39/39 MP: 5/5
  2038 | D:2      | Reached skill level 4 in Axes
  2363 | D:2      | Found a faded altar of an unknown god.
  3017 | D:5      | Entered Level 5 of the Dungeon
  3018 | D:5      | Noticed Blork the orc
  3043 | D:4      | Noticed a phantom
  3049 | D:4      | Killed a phantom
  3163 | D:4      | Noticed a phantom
  3176 | D:4      | Killed a phantom
  3177 | D:4      | Gained mutation: You regenerate a little health from kills.
                  | [demonic ancestry]
  3177 | D:4      | Reached XP level 6. HP: 41/46 MP: 6/6
  3182 | D:4      | Reached skill level 5 in Axes
  3252 | D:4      | Noticed Sigmund
  3283 | D:4      | Killed Sigmund
  3284 | D:4      | Reached XP level 7. HP: 47/52 MP: 7/7
  3322 | D:4      | Found a runed translucent door.
  3323 | D:4      | Noticed Crazy Yiuf
  3417 | D:5      | Noticed Grinder
  3561 | D:3      | Reached skill level 6 in Axes
  3658 | D:3      | Killed flotson's ghost
  3816 | D:4      | Killed Crazy Yiuf
  3875 | D:5      | Paralysed by Grinder for 3 turns
  3885 | D:5      | Paralysed by Grinder for 3 turns
  3893 | D:5      | Paralysed by Grinder for 3 turns
  3898 | D:5      | Killed Grinder
  3927 | D:5      | Noticed a hornet
  4054 | D:5      | Gained mutation: Your demonic aura often causes spilled
                  | blood to erupt in flames. [demonic ancestry]
  4054 | D:5      | Reached XP level 8. HP: 55/60 MP: 8/8
  4067 | D:5      | Found a transporter.
  4071 | D:5      | Noticed timneilson's ghost (amateur GrFi)
  4083 | D:5      | Found a transporter.
  4504 | D:5      | Found a blossoming altar of Fedhas.
  4512 | D:5      | Found a shimmering altar of Xom.
  4515 | D:5      | Found a snail-covered altar of Cheibriados.
  4517 | D:5      | Found a hazy altar of Hepliaklqana.
  4539 | D:5      | Killed Blork the orc
  4678 | D:5      | Reached skill level 7 in Axes
  4721 | D:7      | Found a staircase to the Ecumenical Temple.
  4734 | D:6      | Reached skill level 1 in Stealth
  4826 | D:7      | Reached skill level 5 in Fighting
  4837 | Temple   | Entered the Ecumenical Temple
  4913 | Temple   | Became a worshipper of Warmaster Okawaru
  5037 | D:7      | Noticed a moth of wrath
  5041 | D:7      | Found a bloodstained altar of Trog.
  5081 | D:7      | Identified the +6 dagger "Duybb" {vorpal, Drain Int+7
                  | Dex+9}
  5219 | D:7      | Gained mutation: You are surrounded by a mild repulsion
                  | field. (EV +2) [demonic ancestry]
  5219 | D:7      | Reached XP level 9. HP: 68/68 MP: 9/9
  5398 | D:6      | Reached skill level 8 in Axes
  5541 | D:7      | Noticed Menkaure
  5551 | D:7      | Killed Menkaure
  5551 | D:7      | Reached * piety under Okawaru
  5692 | D:7      | Reached skill level 5 in Armour
  6674 | D:6      | Reached skill level 9 in Axes
  6878 | D:6      | Identified a scroll of acquirement
  6878 | D:6      | Acquired a manual of Dodging
  7035 | D:7      | Found a radiant altar of Vehumet.
  7035 | D:7      | Found a burning altar of Makhleb.
  7296 | D:9      | Reached ** piety under Okawaru
  7297 | D:9      | Reached skill level 5 in Dodging
  7315 | D:9      | Noticed a cyclops
  7323 | D:9      | Killed a cyclops
  7554 | D:8      | Found a shadowy altar of Dithmenos.
  7612 | D:8      | Noticed a two-headed ogre
  7620 | D:8      | Killed a two-headed ogre
  7620 | D:8      | Reached *** piety under Okawaru
  7621 | D:8      | Gained mutation: You are surrounded by a moderate repulsion
                  | field. (EV +3) [demonic ancestry]
  7621 | D:8      | Reached XP level 10. HP: 74/77 MP: 10/10
  7740 | D:8      | Noticed Grum
  7752 | D:8      | Killed Grum
  8327 | D:9      | Reached skill level 10 in Axes
  8383 | D:9      | Noticed Erica
  8523 | D:9      | Killed Erica
  8523 | D:9      | Received a gift from Okawaru
  8529 | D:9      | Reached **** piety under Okawaru
  8631 | D:10     | Entered Level 10 of the Dungeon
  8706 | D:10     | Noticed a centaur warrior
  8810 | D:9      | Found an opulent altar of Gozag.
  8891 | D:9      | Reached ***** piety under Okawaru
  8891 | D:9      | Received a gift from Okawaru
  8892 | D:9      | Gained mutation: Your touch may irresistibly damage your
                  | foes and sap their willpower. [demonic ancestry]
  8892 | D:9      | Reached XP level 11. HP: 84/84 MP: 11/11
  9074 | D:9      | Noticed Pikel
  9081 | D:9      | Killed Pikel
  9082 | D:9      | Reached skill level 11 in Axes
  9388 | D:9      | Received a gift from Okawaru
  9665 | D:10     | Killed a centaur warrior
  9665 | D:10     | Identified the +6 executioner's axe "Arbiter" {elec, rElec
                  | rF+ Str+2} (Okawaru gifted it to you on level 10 of the
                  | Dungeon)
  9665 | D:10     | Received a gift from Okawaru
 10637 | D:11     | Noticed a four-headed hydra
 10653 | D:11     | Killed a two-headed hydra
 10654 | D:11     | Reached skill level 1 in Invocations
 10661 | D:11     | Received a gift from Okawaru
 10662 | D:11     | Reached skill level 1 in Evocations
 10684 | D:11     | Noticed a two-headed ogre
 10693 | D:11     | Killed a two-headed ogre
 10694 | D:11     | Reached skill level 12 in Axes
 10710 | D:11     | Found a staircase to the Lair.
 10715 | D:11     | Received a gift from Okawaru
 10719 | D:11     | Reached XP level 12. HP: 92/92 MP: 13/13
 10831 | D:11     | Found Wesaotif's Jewellery Emporium.
 10835 | D:11     | Bought the ring "Inyeneh" {rPois rF+ Will+} for 514 gold
                  | pieces
 11222 | D:12     | Noticed Urug
 11234 | D:12     | Killed Urug
 11381 | D:12     | Noticed a two-headed ogre
 11391 | D:12     | Killed a two-headed ogre
 11607 | D:12     | Reached skill level 10 in Dodging
 11945 | D:12     | Found an ornate altar of the Wu Jian Council.
 12260 | D:12     | Found a staircase to the Orcish Mines.
 12398 | D:12     | Noticed an eight-headed hydra
 12409 | D:12     | Killed an eight-headed hydra
 12775 | D:12     | Reached ****** piety under Okawaru
 13329 | D:13     | Noticed a centaur warrior
 13330 | D:13     | HP: 2/94 [centaur warrior/arrow (17)]
 13687 | D:13     | Found Napsoat's General Store.
 13699 | D:13     | Bought a scroll of enchant weapon for 135 gold pieces
 13726 | D:13     | Found Onioth's Weapon Shoppe.
 13734 | D:13     | Noticed Nessos
 13903 | D:13     | Noticed a catoblepas
 13911 | D:13     | HP: 4/94 [Nessos/arrow (11)]
 13914 | D:14     | Demolished by a catoblepas

Illustrated notes

Levels and vault maps discovered:
D:1:      eino_arrival_water_star, layout_basic, serial_shops, shop
D:2:      layout_basic, shapermc_ecumenical_altar_pompeii
D:3:      layout_loops_corners, nicolae_kikubaaqudgha_miasma_corner,
          grunt_ministairs_2, serial_bayou_lagoon_b, uniq_terence
D:4:      layout_cave_pools, gammafunk_ghost_nasty_kobolds, dk_noncrumbling_3,
          kennysheep_donut, uniq_crazy_yiuf_cottage, uniq_sigmund
D:5:      layout_layer_cave, kennysheep_little_box,
          chequers_temple_overflow_minitemple, gammafunk_ghost_arena,
          kennysheep_generic_room_13, uniq_blork_the_orc, uniq_grinder
D:6:      layout_basic, kennysheep_boxes
D:7:      layout_rooms, grunt_temple_overflow_lords_of_destruction, tgw_trog,
          temple_statues, st_stairs_10, uniq_menkaure
D:8:      layout_basic, mainiacjoe_overflow_chevrons, uniq_grum
D:9:      layout_gridville, mainiacjoe_overflow_alcove_1, uniq_pikel, uniq_erica
D:10:     layout_loops_ring, grunt_potential
D:11:     layout_loops_ring, due_lair_maze_entry_diamond, serial_shops, shop
D:12:     layout_irregular_city, orc_0_dummy, nicolae_wu_jian_wuxing_cycle,
          uniq_urug
D:13:     erik_rubicon_b, layout_basic, serial_shops, nicolae_shop_crystal,
          nicolae_lakefront_shop, nicolae_shop_bloodbath_and_beyond,
          lemuel_flame_loot_1, uniq_azrael, uniq_maurice, uniq_nessos,
          uniq_jorgrun
D:14:     layout_stronghold, david_vaults_4, minmay_hedge_maze, uniq_snorg
Temple:   zaba_magenta_temple

Skill      XL: |  1  2  3  4  5  6  7  8  9 10 11 12 |
---------------+-------------------------------------+-----
Axes           | 3 4 5 6 7 9 10 12 | 12.9
Dodging        | 3 4 6 7 9 10 | 10.9
Armour         | 1 2 3 4 6 7 8 |  8.5
Throwing       | 2 3 |  3.8
Fighting       | 3 5 6 7 8 |  8.5
Stealth        | 1 2 |  2.5
Invocations    | 2 4 |  4.3
Evocations     | 2 4 |  4.5
Long Blades    | |  0.9

Action                   |  1- 3 |  4- 6 |  7- 9 | 10-12 || total
-------------------------+-------+-------+-------+-------++-------
Melee: War axe           |    82 |    82 |   230 |   457 ||   851
       Touch             |    11 |    15 |    37 |   111 ||   174
       Punch             |       |     2 |       |     7 ||     9
       Scimitar          |       |       |       |     4 ||     4
       Trident           |       |       |       |     5 ||     5
Throw: Javelin           |       |     2 |     1 |     2 ||     5
       Dart              |       |       |     4 |    10 ||    14
       Boomerang         |       |       |       |    11 ||    11
Invok: Heroism           |       |       |       |     2 ||     2
Evoke: Wand              |       |       |       |     3 ||     3
  Use: Scroll            |       |    15 |     6 |    10 ||    31
       Potion            |       |       |     2 |     2 ||     4
Armor: Scale mail        |    18 |    47 |   111 |   206 ||   382
       Leather armour    |     2 |       |       |       ||     2
       Chain mail        |    33 |     7 |       |       ||    40
Dodge: Dodged            |    46 |    39 |   168 |   425 ||   678

Table legend: (Time is in decaauts)
 A = Elapsed time spent in this place.
 B = Non-inter-level travel time spent in this place.
 C = Inter-level travel time spent in this place.
 D = Time resting spent in this place.
 E = Time spent auto-exploring this place.
 F = Levels seen in this place.
 G = Mean time per level.
                   A        B        C        D        E       F      G
               +--------+--------+--------+--------+--------+-----+--------+
         Total |  14094 |  13753 |    341 |   1526 |   7465 |  15 |  939.6 |
       Dungeon |  14001 |  13660 |    341 |   1526 |   7465 |  14 | 1000.1 |
        Temple |     92 |     92 |      0 |      0 |      0 |   1 |   92.0 |
               +--------+--------+--------+--------+--------+-----+--------+

Top non-repeatable levels by time:
    D:12: 1592 daAuts
     D:6: 1394 daAuts
     D:8: 1201 daAuts
     D:3: 1187 daAuts
     D:9: 1052 daAuts
     D:1: 1040 daAuts
     D:7: 1039 daAuts
    D:10: 956 daAuts
     D:2: 921 daAuts
     D:5: 856 daAuts
    D:11: 819 daAuts
     D:4: 802 daAuts
    D:13: 742 daAuts
    D:14: 394 daAuts
  Temple: 92 daAuts
